 Dungeon Crawl Stone Soup version 0.24-a0-350-g5b3daab (webtiles) character file.

Game seed: 5535110535328658884

15867 CanOfBees the Quickloader (level 12, 0/76 HPs)
             Began as a Tengu Hunter on May 23, 2019.
             Was an Elder of Okawaru.
             Slain by a spiny frog (5 damage)
             ... on level 1 of the Lair of Beasts.
             The game lasted 00:28:07 (19757 turns).

CanOfBees the Quickloader (Tengu Hunter)           Turns: 19757, Time: 00:28:07

Health: 0/76       AC: 15    Str: 18    XL:     12   Next: 31%
Magic:  25/25      EV: 11    Int: 11    God:    Okawaru [****..]
Gold:   696        SH:  0    Dex: 15    Spells: 27/28 levels left

rFire    + . .     SeeInvis .   a - +1 hand crossbow
rCold    . . .     Gourm    .   (no shield)
rNeg     . . .     Faith    .   J - +3 chain mail {rF+}
rPois    .         Spirit   .   H - +2 hat
rElec    .         Reflect  .   q - +0 cloak (curse)
rCorr    .         Harm     .   (no gloves)
MR       .....                  (boots unavailable)
Stlth    ..........             (no amulet)
HPRegen  0.22/turn              m - ring of attention (curse)
MPRegen  0.19/turn              (no ring)

@: flying quickly and evasively, quick
A: beak, talons 3, able to fly
a: Stop Flying, Heroism, Renounce Religion


You were on level 1 of the Lair of Beasts.
You worshipped Okawaru.
Okawaru was greatly pleased with you.
You were not hungry.

You visited 3 branches of the dungeon, and saw 12 of its levels.

You collected 696 gold pieces.

Inventory:

Hand Weapons
 a - a +1 hand crossbow (weapon)
 b - a +4 quarterstaff
 w - a +3 dagger of draining
Missiles
 d - 78 bolts (quivered)
 l - 5 throwing nets
 s - 12 poisoned darts
Armour
 q - a cursed +0 cloak (worn)
 H - a +2 hat (worn)
 J - a +3 chain mail of fire resistance (worn)
Jewellery
 m - a cursed ring of attention (left hand)
Wands
 i - a wand of paralysis (20)
 j - a wand of polymorph (4)
 n - a wand of flame (22)
 o - a wand of iceblast (5)
 A - a wand of digging (3)
 M - a wand of disintegration (11)
Scrolls
 g - a scroll of blinking {unknown}
 h - a scroll of magic mapping
 r - 3 scrolls of enchant weapon
 v - a scroll of random uselessness {unknown}
 x - a scroll of fear {unknown}
 y - a scroll of noise {unknown}
 E - 2 scrolls of immolation
 L - a scroll of teleportation
Potions
 e - a potion of brilliance {unknown}
 u - 2 potions of might
 z - a potion of ambrosia {unknown}
 C - a potion of cancellation {unknown}
 G - a potion of flight {unknown}
Comestibles
 f - 21 rations
 D - 13 chunks of flesh


   Skills:
 + Level 9.2 Fighting
 + Level 12.1 Crossbows
 - Level 4.0 Armour
 + Level 5.0 Dodging
 - Level 1.0 Stealth
 - Level 8.6 Spellcasting
 + Level 4.1 Summonings
 * Level 7.9 Invocations


You had 27 spell levels left.
You knew the following spells:

 Your Spells              Type           Power        Failure   Level  Hunger
a - Summon Small Mammal   Summ           ##..         32%         1    None

Your spell library contained the following spells:

 Spells                   Type           Power        Failure   Level  Hunger
 Animate Skeleton         Necr           N/A          88%         1    None
 Apportation              Tloc           #.....       88%         1    None
 Beastly Appendage        Tmut           #.....       88%         1    None
 Confusing Touch          Hex            #.....       88%         1    None
 Sticks to Snakes         Tmut           #.......     96%         2    #......
 Spider Form              Tmut/Pois      #.........   99%         3    ##.....
 Ice Form                 Ice/Tmut       #.......     100%        4    ####...
 Blade Hands              Tmut           #.........   100%        5    ######.


Dungeon Overview and Level Annotations

Branches:
Dungeon (10/15)            Temple (1/1) D:5            Lair (1/6) D:10
    Orc (0/2) D:10

Altars:
Ashenzari
Cheibriados
Dithmenos
Elyvilon
Fedhas
Gozag
Hepliaklqana
Kikubaaqudgha
Makhleb
Nemelex Xobeh
Okawaru
Qazlal
Ru
Sif Muna
Trog
Uskayaw
Vehumet
Wu Jian
Xom
Yredelemnul
Zin
The Shining One

Shops:
D:4 *

Annotations:
D:10 1 runed translucent door, lunkers's ghost, journeyman MfGl


Innate Abilities, Weirdness & Mutations

You have a beak for a mouth.
You have claws for feet.
You can fly continuously.


Message History

Aim: a spiny frog (moderately wounded)
You shoot a bolt. The bolt hits the spiny frog!
The spiny frog is heavily wounded.
* * * LOW HITPOINT WARNING * * *
You feel sick. The spiny frog stings you.
* * * LOW HITPOINT WARNING * * *
You feel better. The spiny frog barely misses you. The spiny frog stings you!
* * * LOW HITPOINT WARNING * * *
Firing (i - inventory. (/) - cycle)
d - 80 bolts (quivered)
Press: ? - help, Shift-Dir - straight line, f/p - spiny frog
Aim: a spiny frog (heavily wounded)
You shoot a bolt. The bolt hits the spiny frog!
The spiny frog is almost dead.
The spiny frog stings you but does no damage.
Firing (i - inventory. (/) - cycle)
d - 79 bolts (quivered)
Press: ? - help, Shift-Dir - straight line, f/p - spiny frog
Aim: a spiny frog (almost dead)
You shoot a bolt. The bolt closely misses the spiny frog.
The spiny frog stings you.
You die...

#........ PP.PP...#
#....... PP.PP...#
##.....# ........#
#......## .>......#
##......# ........#
#......## ........#
##......##
........#####P.P.P#P#.
.......@F((÷.........##
........####(P.P.P#P..#
........##.#.........##
P..............F...###


PP..................... .P.....>...÷........... .........[?!...........
PP.......)<............ P...................... You could see a spiny frog.

Vanquished Creatures
  Harold (D:9)
  2 two-headed ogres
  Joseph (D:7)
  A troll (D:10)
  A hippogriff (D:9)
  A spriggan (D:10)
  Eustachio (D:5)
  2 wyverns (D:10)
  13 yaks
  A steam dragon (D:9)
  An acid dragon (D:10)
  2 water moccasins
  6 ice beasts
  8 orc warriors
  4 sky beasts
  2 black bears
  A necrophage (D:10)
  2 eyes of draining (D:9)
  3 ogres
  5 centaurs
  4 crocodiles
  A big kobold (D:10)
  6 bullfrogs
  6 scorpions
  4 killer bees (D:8)
  3 wights (D:8)
  3 howler monkeys (D:10)
  A bullfrog zombie (D:10)
  A centaur zombie (D:5)
  3 crimson imps
  A quasit (D:10)
  Crazy Yiuf (D:4)
  3 jellies
  4 orc priests
  7 hounds
  2 gnoll shamans
  9 orc wizards
  5 iguanas
  Terence (D:3)
  A killer bee zombie (D:6)
  4 worker ants
  A hound zombie (D:6)
  A hound skeleton (D:6)
  8 gnolls
  A howler monkey skeleton (D:5)
  A worker ant zombie (D:6)
  7 adders
  4 shadow imps
  2 adder zombies
  6 worms
  4 dart slugs
  4 leopard geckos
  23 orcs
  5 giant cockroaches
  13 goblins
  10 hobgoblins
  11 jackals
  3 quokkas
  4 ball pythons
  6 bats
  4 frilled lizards
  A jackal skeleton (D:5)
  A jackal zombie (D:6)
  16 kobolds
  A leopard gecko skeleton (D:6)
  5 rats
270 creatures vanquished.

Vanquished Creatures (others)
  A gnoll (D:7)
1 creature vanquished.

Grand Total: 271 creatures vanquished

Notes
Turn   | Place    | Note
-------+----------+-------------------------------------------
     0 | D:1      | CanOfBees the Tengu Hunter began the quest for the Orb.
     0 | D:1      | Reached XP level 1. HP: 12/12 MP: 2/2
   567 | D:1      | Reached XP level 2. HP: 17/17 MP: 3/3
  1036 | D:1      | Reached XP level 3. HP: 22/22 MP: 4/4
  1986 | D:2      | Reached skill level 5 in Crossbows
  1990 | D:2      | Reached XP level 4. HP: 27/27 MP: 5/5
  2842 | D:3      | Found an opulent altar of Gozag.
  2842 | D:3      | Found a glowing silver altar of Zin.
  2960 | D:3      | Gained mutation: You can fly continuously. [Tengu growth]
  2960 | D:3      | Reached XP level 5. HP: 32/32 MP: 6/6
  3322 | D:3      | Noticed Terence
  3329 | D:3      | Killed Terence
  3552 | D:4      | Got a tattered robe
  3554 | D:4      | Identified the cursed +1 robe of the Dozen Dances {rC+ rN+
                  | Str+4 Int+2} (You found it on level 4 of the Dungeon)
  3643 | D:4      | Found Vaugil's Assorted Antiques.
  3967 | D:4      | Found an ancient bone altar of Kikubaaqudgha.
  4216 | D:4      | Found a runed translucent door.
  4217 | D:4      | Noticed Crazy Yiuf
  4293 | D:4      | Killed Crazy Yiuf
  4293 | D:4      | Reached skill level 1 in Armour
  4293 | D:4      | Reached XP level 6. HP: 38/38 MP: 7/7
  4543 | D:5      | Entered Level 5 of the Dungeon
  4549 | D:5      | Noticed a water moccasin
  4559 | D:5      | Killed a water moccasin
  4559 | D:5      | Reached skill level 6 in Crossbows
  4941 | D:5      | Found a staircase to the Ecumenical Temple.
  4950 | Temple   | Entered the Ecumenical Temple
  5127 | Temple   | Became a worshipper of Warmaster Okawaru
  5187 | D:5      | Reached XP level 7. HP: 44/44 MP: 8/8
  5659 | D:5      | Reached skill level 1 in Invocations
  6451 | D:5      | Noticed Eustachio
  6479 | D:5      | Killed Eustachio
  6479 | D:5      | Reached skill level 5 in Fighting
  6479 | D:5      | Reached XP level 8. HP: 49/49 MP: 10/10
  6697 | D:5      | Reached * piety under Okawaru
  6697 | D:5      | Reached skill level 7 in Crossbows
  8683 | D:6      | Reached skill level 8 in Crossbows
  8683 | D:6      | Reached XP level 9. HP: 27/56 MP: 9/13
  8869 | D:6      | Found a basalt altar of Yredelemnul.
  9341 | D:6      | Reached ** piety under Okawaru
  9552 | D:7      | Noticed Joseph
  9581 | D:7      | Killed Joseph
 10205 | D:7      | Reached skill level 5 in Invocations
 10522 | D:7      | Learned a level 1 spell: Summon Small Mammal
 10698 | D:7      | Found a deep blue altar of Sif Muna.
 10698 | D:7      | Found a shadowy altar of Dithmenos.
 10703 | D:7      | Found a faded altar of an unknown god.
 10708 | D:7      | Found a faded altar of an unknown god.
 10709 | D:7      | Found a blossoming altar of Fedhas.
 10920 | D:8      | Reached skill level 9 in Crossbows
 11059 | D:8      | Reached skill level 1 in Spellcasting
 12503 | D:8      | Reached XP level 10. HP: 51/64 MP: 15/15
 13146 | D:9      | Reached *** piety under Okawaru
 13401 | D:9      | Noticed Harold
 13436 | D:9      | Killed Harold
 13437 | D:9      | Reached skill level 11 in Crossbows
 13437 | D:9      | Reached XP level 11. HP: 22/69 MP: 15/24
 14641 | D:9      | Received a gift from Okawaru
 14680 | D:9      | Noticed a two-headed ogre
 14759 | D:8      | Reached skill level 1 in Summonings
 15359 | D:9      | HP: 1/69 [two-headed ogre/+0 giant spiked club (16)]
 15382 | D:9      | Killed a two-headed ogre
 15382 | D:9      | Received a gift from Okawaru
 16220 | D:9      | Found a hazy altar of Hepliaklqana.
 16220 | D:9      | Found a white marble altar of Elyvilon.
 16221 | D:9      | Found a snail-covered altar of Cheibriados.
 16269 | D:10     | Entered Level 10 of the Dungeon
 16326 | D:10     | Noticed a two-headed ogre
 16502 | D:10     | Reached **** piety under Okawaru
 16783 | D:10     | Killed a two-headed ogre
 16783 | D:10     | Reached XP level 12. HP: 72/76 MP: 25/25
 17286 | D:10     | Found a staircase to the Orcish Mines.
 17995 | D:10     | Found a runed translucent door.
 18098 | D:10     | Reached skill level 12 in Crossbows
 18385 | D:10     | Noticed lunkers's ghost (journeyman MfGl)
 18931 | D:10     | Received a gift from Okawaru
 19200 | D:10     | Found a staircase to the Lair.
 19608 | Lair:1   | Entered Level 1 of the Lair of Beasts
 19710 | Lair:1   | Reached skill level 5 in Dodging
 19757 | Lair:1   | Slain by a spiny frog

Levels and vault maps discovered:
D:1:      lemuel_arrival_hallway, layout_loops_ring
D:2:      layout_basic
D:3:      layout_basic, grunt_temple_overflow_gold_and_silver, uniq_terence
D:4:      layout_basic, kiku_gazebo_pond_becter, first_ration, serial_shops,
          nicolae_shop_stone, skrybe_limestone_x, uniq_crazy_yiuf_cottage
D:5:      layout_basic, minmay_temple_entry_large_hall,
          wad_floor_pattern_untrapped, guppyfry_early_lair_pool, uniq_eustachio
D:6:      layout_basic, yredelemnul_altar_generic
D:7:      layout_loops_ring, chequers_temple_overflow_minitemple,
          lemuel_old_faithful, uniq_joseph
D:8:      layout_basic
D:9:      layout_irregular_city, gammafunk_temple_overflow_forgotten,
          uniq_harold
D:10:     layout_loops_ring, erik_lair_dragon, orc_david_3,
          ebering_ghost_inner_flame, the_bakery
Temple:   minmay_temple_bridge_abc
Lair:1:   layout_big_grid, serial_forest, infiniplex_forest_lined_2,
          infiniplex_forest_zigzag_1, infiniplex_forest_lined_4_way,
          infiniplex_forest_clump_long, infiniplex_forest_end_2,
          infiniplex_forest_clump_medium, infiniplex_forest_clump_small,
          infiniplex_forest_corner_1, infiniplex_forest_clump_C,
          infiniplex_forest_straight_5, chequers_serial_rivers_small_3

Skill      XL: |  1  2  3  4  5  6  7  8  9 10 11 12 |
---------------+-------------------------------------+-----
Dodging        | 3 4 5 |  5.0
Crossbows      | 5 6 8 9 11 12 | 12.1
Fighting       | 3 4 5 6 7 8 9 |  9.2
Armour         | 1 2 3 4 |  4.0
Invocations    | 2 4 5 6 7 |  7.9
Spellcasting   | 2 8 |  8.6
Summonings     | 3 4 |  4.1
Stealth        | |  1.0

Action                   |  1- 3 |  4- 6 |  7- 9 | 10-12 || total
-------------------------+-------+-------+-------+-------++-------
Melee: Short sword       |    19 |     9 |     4 |       ||    32
       Kick              |    12 |    33 |    98 |    72 ||   215
       Dagger            |    81 |   119 |   237 |    18 ||   455
       Peck              |     7 |    12 |    60 |    50 ||   129
       Quarterstaff      |       |       |    83 |   186 ||   269
       Hand crossbow     |       |       |       |     1 ||     1
 Fire: Hand crossbow     |     3 |    24 |    96 |   244 ||   367
Throw: Dart              |       |    22 |       |    29 ||    51
Invok: Heroism           |       |       |     4 |    11 ||    15
 Abil: Fly               |       |     1 |       |       ||     1
Evoke: Wand              |       |       |       |     4 ||     4
  Use: Scroll            |       |     5 |     9 |     3 ||    17
       Potion            |       |       |     1 |     7 ||     8
 Stab: Sleeping          |     1 |       |       |       ||     1
  Eat: Chunk             |     3 |    10 |    13 |    14 ||    40
       Ration            |       |       |     3 |     2 ||     5
Armor: Ring mail         |    35 |    12 |       |       ||    47
       Leather armour    |     7 |       |       |       ||     7
       Scale mail        |       |    23 |   115 |    79 ||   217
       Skin              |       |     2 |       |       ||     2
       Chain mail        |       |       |       |    45 ||    45
Dodge: Dodged            |    77 |    74 |   256 |   255 ||   662

Table legend:
 A = Non-vault XP
 B = Vault XP
 C = Vault XP percentage of total XP
 D = Non-vault monster count
 E = Vault monster count
 F = Vault count percentage of total count
                 A         B        C        D         E       F
            +---------+---------+-------+---------+---------+-------
      Total |   13273 |    2845 |  17.7 |     249 |      21 |   7.8
            +---------+---------+-------+---------+---------+-------
        D:1 |      47 |       0 |   0.0 |      29 |       0 |   0.0
        D:2 |      74 |       0 |   0.0 |      31 |       0 |   0.0
        D:3 |      69 |      32 |  31.7 |      20 |       1 |   4.8
        D:4 |     117 |      44 |  27.3 |       6 |       1 |  14.3
        D:5 |     953 |     255 |  21.1 |      28 |       5 |  15.2
        D:6 |    1177 |       0 |   0.0 |      29 |       0 |   0.0
        D:7 |     463 |     388 |  45.6 |       9 |       1 |  10.0
        D:8 |    1764 |       0 |   0.0 |      28 |       0 |   0.0
        D:9 |    2985 |     992 |  24.9 |      24 |       1 |   4.0
       D:10 |    4319 |    1134 |  20.8 |      36 |      12 |  25.0
     Temple |      46 |       0 |   0.0 |       1 |       0 |   0.0
     Lair:1 |    1259 |       0 |   0.0 |       8 |       0 |   0.0
            +---------+---------+-------+---------+---------+-------
